AoeStats
← BigOleGiraffe

Arena

510043903Analyzed
2v2 RM · 5d ago on Sep 29, 2026· 41m 30s· 4 players
Game mode
Random Map
Map size
Medium (4 player)
Population
200
Speed
Normal
Resources
Standard
Victory
Conquest
Starting age
Dark Age
Ending age
Imperial Age
RankedLock teamsTeams togetherTeam positionsShared explorationLock speedFull tech treeHidden civsTurbo modeCheats
Victory
Defeat
🇨🇦 Varangians · Canada
1029
+13
🇨🇦 Danes · Canada
932
+17
🇭🇰 Turks · Hong Kong SAR China
958
-15
🇨🇳 Khmer · China
953
-44
Shin Kawashima
8:02 Loom
10:50 Feudal Age
11:38 Horse Collar
15:52 Castle Age
14:58 Double-Bit Axe
15:05 Gold Mining
23:37 Imperial Age
FABİOS
0:40 Loom
12:13 Feudal Age
18:08 Castle Age
18:09 Wheelbarrow
19:45 Double-Bit Axe
21:30 Bow Saw
23:23 Hand Cart
33:22 Imperial Age
31:49 Gold Mining
33:10 Bloodlines
32:20 Light Cavalry
34:16 Husbandry
34:33 Stone Mining
35:19 Gold Shaft Mining
37:47 Chemistry
37:09 Ballistics
38:20 Hussar
vince.dion123
10:51 Feudal Age
15:10 Castle Age
13:17 Loom
13:21 Double-Bit Axe
13:46 Horse Collar
24:41 Redemption
28:09 Bow Saw
28:26 Heavy Plow
28:55 Gold Mining
28:55 Stone Mining
33:52 Imperial Age
33:27 Wheelbarrow
32:38 Town Watch
33:31 Ballistics
33:35 Forging
33:25 Scale Mail Armor
35:03 Siege Engineers
37:12 Chemistry
37:27 Hand Cart
37:13 Town Patrol
38:07 Onager
38:50 Squires
38:35 Arson
39:35 Conscription
38:36 Elite Jomsviking
39:03 Northmen's Fury
40:36 Iron Casting
40:17 Chain Mail Armor
39:54 Hamask
41:28 Siege Onager
BigOleGiraffe
2:41 Loom
9:38 Feudal Age
14:39 Castle Age
13:15 Double-Bit Axe
15:02 Horse Collar
21:48 Wheelbarrow
24:25 Hand Cart
25:14 Stone Mining
26:24 Gold Mining
27:42 Loom
29:30 Scale Barding Armor
29:36 Forging
29:31 Husbandry
29:42 Bloodlines
32:10 Imperial Age
30:09 Heavy Plow
30:32 Chain Barding Armor
31:55 Ballistics
31:31 Murder Holes
31:47 Masonry
33:39 Plate Barding Armor
33:39 Iron Casting
34:02 Iron Casting
33:55 Conscription
33:57 Elite Jarl
34:52 Siege Engineers
36:19 Chemistry
36:38 Blast Furnace
35:29 Fletching
35:39 Light Cavalry
36:45 Bow Saw
36:27 Town Watch
36:32 Onager
Connection lost

Rejoining the realm…

Still unreachable

The connection could not be restored.

Session expired

The server has moved on; the page needs a fresh start.